 Dungeon Crawl Stone Soup version 0.18-a0-1361-g9293dd1 (webtiles) character file.

4872 dalore the Cudgeler (level 10, -1/77 HPs)
             Began as a Demonspawn Berserker on Feb 20, 2016.
             Was an Elder of Trog.
             Killed by the air
             ... invoked by Gastronok
              (32 damage)
             ... on level 8 of the Dungeon on Feb 21, 2016.
             The game lasted 01:01:36 (8995 turns).

dalore the Cudgeler (Demonspawn Berserker)          Turns: 8995, Time: 01:01:37

Health: -1/77      AC: 28    Str: 20 (21) XL:     10   Next: 26%
Magic:  10/10      EV:  9    Int:  8      God:    Trog [****..]
Gold:   386        SH:  7    Dex: 13      Spells: 0 memorised, 9 levels left

rFire  . . .     SeeInvis .     b - +1 flail (protect)
rCold  + . .     Gourm    .     r - +5 plate armour "Puleupn" {+Fly}
rNeg   . . .     Faith    .     s - +0 shield
rPois  +         Spirit   .     (helmet restricted)
rElec  .         Dismiss  .     j - +1 cloak
rCorr  .         Reflect  .     (no gloves)
SustAt .         Harm     .     (no boots)
MR     .....                    (no amulet)
Stlth  ..........               a - ring of poison resistance {rPois, !d}
                                e - +3 ring of evasion

@: exhausted, slowed, drained, very slow, not resistant to hostile enchantments,
extremely unstealthy
A: antennae 1, slimy green scales 2, cold resistance 1, freezing cloud immunity
a: Berserk, Trog's Hand, Brothers in Arms, Burn Spellbooks, Renounce Religion,
Evoke Flight


You were on level 8 of the Dungeon.
You worshipped Trog.
Trog was greatly pleased with you.
You were not hungry.

You visited 2 branches of the dungeon, and saw 10 of its levels.
You also visited: Sewer.

You collected 386 gold pieces.

Inventory:

Hand Weapons
 b - a +1 flail of protection (weapon)
   (You took it off an orc on level 9 of the Dungeon)
 x - a +1 dire flail of protection
   (You took it off Edmund on level 5 of the Dungeon)
Armour
 j - a +1 cloak (worn)
   (You found it on level 2 of the Dungeon)
 r - the +5 plate armour "Puleupn" (worn) {+Fly}
   (You took it off an orc on level 7 of the Dungeon)

   It lets you fly.
 s - a +0 shield (worn)
   (You took it off a gnoll sergeant on level 7 of the Dungeon)
 F - a +0 plate armour
   (You found it on level 6 of the Dungeon)
Jewellery
 a - a ring of poison resistance (right hand) {rPois, !d}
   (You took it off an orc on level 4 of the Dungeon)
 e - a +3 ring of evasion (left hand)
   (You found it on level 1 of the Dungeon)
 L - an uncursed ring of flight {unknown}
   (You found it on level 5 of the Dungeon)
Scrolls
 h - 2 scrolls of blinking {!r}
 i - 6 scrolls of identify
 k - 3 scrolls of teleportation
 l - a scroll of magic mapping {unknown}
 n - 5 scrolls of remove curse
 q - a scroll of enchant armour
 t - 3 scrolls of enchant weapon
 w - a scroll of immolation {!r}
 y - a scroll of random uselessness
Potions
 g - a potion of cancellation {unknown}
 o - a potion of flight
 p - 8 potions of curing
 K - a potion of heal wounds
Comestibles
 c - 3 bread rations {@e1}
 E - 3 meat rations {@e2}


   Skills:
 + Level 6.7(6.4) Fighting
 + Level 7.7(7.4) Maces & Flails
 - Level 2.5(2.2) Throwing
 + Level 7.4(7.1) Armour
 + Level 6.5(6.2) Dodging
 + Level 3.2(2.9) Stealth
 + Level 0.5(0.2) Shields


You had 9 spell levels left.
You didn't know any spells.

Dungeon Overview and Level Annotations

Branches:
Dungeon (9/15)             Temple (1/1) D:6
   Lair: D:8-11         Orc: D:9-12

Altars:
Ashenzari
Cheibriados
Dithmenos
Elyvilon
Fedhas
Gozag
Kikubaaqudgha
Makhleb
Nemelex Xobeh
Okawaru
Pakellas
Qazlal
Ru
Sif Muna
Trog
Vehumet
Xom
Yredelemnul
Zin
The Shining One

Annotations:
D:8 Gastronok


Innate Abilities, Weirdness & Mutations

You have a pair of small antennae on your head.
You are mostly covered in slimy green scales (AC +3).
Your flesh is cold resistant.
You are immune to freezing clouds.


Message History

You continue eating. x2
You start resting.
All of the chunks of flesh in your inventory have rotted away.
Health restored: 77 You start waiting.
You feel yourself speed up.
You start waiting.
You feel less exhausted.
Items here: )) [[ a dire flail of freezing; a robe; a trident of piercing; a robe
f - 2 javelins of penetration (gained 1)
Things that are here:
a hand axe of flaming; a robe
Items here: )) [[ a dire flail of freezing; a robe; a trident of piercing; a robe
Items here: )) [[ an enchanted falchion; a robe; a spear; a robe
k - 3 scrolls of teleportation (gained 1) Gastronok the Ponderous comes into view.
Gastronok waves his eye-stalks in wide circles.
The air twists around and strikes you!
Your skin crawls.
You feel resistant to hostile enchantments.
You feel slightly more hungry.
Aim: Gastronok, wearing a hat You throw a javelin of penetration.
The javelin of penetration pierces through Gastronok but does no damage.
Gastronok waves his eye-stalks in wide circles.
The air twists around and strikes you!
You take 20 damage, and have 57/77 hp.
MASSIVE DAMAGE!!
Aim: Gastronok, wearing a hat You throw a javelin of penetration.
The javelin of penetration pierces through Gastronok!
You regained 2 hp, and now have 60/77 hp.
Gastronok waves his eye-stalks in wide circles.
The air twists around and strikes you!
You take 18 damage, and have 43/77 hp.
MASSIVE DAMAGE!!
You are too injured to fight recklessly!
A red film seems to cover your vision as you go berserk!
You feel yourself moving faster!
You feel mighty!
You are feeling hungry.
You now have 68/115 hp.
You sock Gastronok! You sock Gastronok! Gastronok bites you!
You take 13 damage, and have 56/115 hp.
You thump Gastronok! You sock Gastronok!
Gastronok bites you but does no damage.
You hit Gastronok.
Your plate armour "Puleupn" prevents you from hitting Gastronok.
You sock Gastronok!
Gastronok's eyestalks quiver as he mumbles some strange words.
Your legs wobble like jelly.
You hit Gastronok. You hit Gastronok. Gastronok bites you!!
You take 25 damage, and have 37/115 hp.
MASSIVE DAMAGE!!
You sock Gastronok! You completely miss Gastronok. You sock Gastronok!
Gastronok bites you!
* * * LOW HITPOINT WARNING * * *
You take 10 damage, and have 28/115 hp.
You sock Gastronok! You bludgeon Gastronok!!
You are no longer berserk.
You are exhausted.
You feel yourself slow down.
You are feeling very hungry.
You are near starving!
You now have 21/77 hp.
Gastronok waves his eye-stalks in wide circles.
The air twists around and strikes you!
* * * LOW HITPOINT WARNING * * *
You take 1 damage, and have 20/77 hp.
You regained 2 hp, and now have 22/77 hp.
You regained 2 hp, and now have 24/77 hp.
You regained 2 hp, and now have 27/77 hp.
You regained 2 hp, and now have 29/77 hp.
You regained 2 hp, and now have 31/77 hp.
You feel the effects of Trog's Hand fading.
You regained 2 hp, and now have 33/77 hp.
You regained 2 hp, and now have 35/77 hp.
Drink which item? (? for menu, Esc to quit)
You feel better.
You regained 8 hp, and now have 44/77 hp.
Eat which item? (? for menu, Esc to quit)
Your skin stops crawling.
You feel less resistant to hostile enchantments.
You continue eating. x2
You finish eating.
That royal jelly was delicious!
You hit Gastronok.
Gastronok waves his eye-stalks in wide circles.
The air twists around and strikes you!
You take 16 damage, and have 30/77 hp.
MASSIVE DAMAGE!!
You sock Gastronok!
Gastronok waves his eye-stalks in wide circles.
The air twists around and strikes you!
You die...

.# #...##......
...........
.####.....#
.....8.....
..........### .#####
............###.#
'#######........# .#
#...w###### .#####
#.........#####
.'...#
#...#####w....#.#
.###.# #..##
#@....'.# .# #.#
#..# ###.....###
.###'###..#
#.....###
.......'..####.....#
.###'###...........#
.# #.# #..######.###
.# .###.#
#....####.# ..
.'...#
#.........#####.
.#####
#..#.#######....


You could see Gastronok.

Vanquished Creatures
  Pikel (D:5)
  A cyclops (D:8)
  The ghost of Azzok the Covert, a novice SpEn (D:4)
  Eustachio (D:4)
  Grum (D:8)
  Edmund (D:5)
  2 wolves (D:8)
  A water moccasin (D:8)
  A phantom (D:4)
  An ice beast (D:6)
  An ogre (D:4)
  5 centaurs
  A black bear (D:8)
  3 big kobolds (Sewer)
  3 giant frogs (D:6)
  A gnoll sergeant (D:7)
  A scorpion (D:8)
  4 killer bees
  5 wights (D:8)
  5 crimson imps
  3 jellies
  A giant frog zombie (D:7)
  5 hounds
  7 orc priests
  3 orc wizards
  6 iguanas
  7 worker ants
  A killer bee zombie (D:5)
  8 gnolls
  13 adders
  7 river rats (Sewer)
  A shadow imp (D:8)
  An ooze (D:2)
  An adder skeleton (D:3)
  5 worms
  4 giant geckos
  33 orcs
  8 ball pythons
  7 giant cockroaches
  4 goblins
  9 hobgoblins
  2 jackals (D:6)
  20 kobolds
  2 quokkas
  9 bats
  9 giant newts
  A quokka skeleton (D:5)
  24 rats
241 creatures vanquished.

Vanquished Creatures (others)
  2 kobolds (D:9)
2 creatures vanquished.

Grand Total: 243 creatures vanquished

Notes
Turn   | Place    | Note
--------------------------------------------------------------
     0 | D:1      | dalore the Demonspawn Berserker began the quest for the Orb.
     0 | D:1      | Reached XP level 1. HP: 18/18 MP: 1/1
   150 | D:1      | Gained mutation: Your flesh is cold resistant. [demonic ancestry]
   150 | D:1      | Reached XP level 2. HP: 24/24 MP: 2/2
   165 | D:1      | Reached skill level 3 in Maces & Flails
   945 | D:2      | Reached skill level 2 in Dodging
  1067 | D:2      | Reached skill level 2 in Armour
  1088 | D:2      | Found a sparkling altar of Nemelex Xobeh.
  1097 | D:2      | Reached ** piety under Trog
  1097 | D:2      | Gained mutation: You are partially covered in slimy green scales (AC +2). [demonic ancestry]
  1097 | D:2      | Reached XP level 3. HP: 29/29 MP: 3/3
  1201 | D:2      | Found a faded altar to an unknown god.
  1534 | D:2      | Found a sacrificial altar of Ru.
  1689 | D:3      | Found a stormy altar of Qazlal.
  1689 | D:3      | Found a blossoming altar of Fedhas.
  1698 | D:3      | Reached XP level 4. HP: 36/36 MP: 4/4
  2444 | D:3      | Gained mutation: You have a pair of small antennae on your head. [demonic ancestry]
  2444 | D:3      | Reached XP level 5. HP: 36/42 MP: 5/5
  2519 | D:3      | Reached skill level 3 in Dodging
  2647 | D:3      | Reached *** piety under Trog
  2761 | D:3      | Reached skill level 4 in Fighting
  2761 | D:3      | Reached skill level 1 in Stealth
  2764 | D:4      | Noticed Eustachio
  2764 | D:4      | Noticed Azzok's ghost (novice SpEn)
  3085 | D:4      | Noticed an ogre
  3090 | D:4      | Noticed a phantom
  3092 | D:4      | Killed an ogre
  3092 | D:4      | Reached skill level 3 in Armour
  3092 | D:4      | Reached XP level 6. HP: 33/48 MP: 6/6
  3331 | D:4      | Killed Azzok's ghost
  3331 | D:4      | Reached skill level 4 in Maces & Flails
  3331 | D:4      | Reached skill level 4 in Armour
  3331 | D:4      | Reached skill level 4 in Dodging
  3331 | D:4      | Reached XP level 7. HP: 54/54 MP: 7/7
  3345 | D:4      | Killed Eustachio
  3345 | D:4      | Reached skill level 2 in Stealth
  3505 | D:5      | Entered Level 5 of the Dungeon
  4171 | D:5      | Noticed Edmund
  4180 | D:5      | Killed Edmund
  4180 | D:5      | Gained mutation: You are immune to freezing clouds. [demonic ancestry]
  4180 | D:5      | Reached XP level 8. HP: 61/61 MP: 8/8
  4255 | D:6      | Reached skill level 1 in Throwing
  4262 | D:6      | Reached skill level 5 in Armour
  4305 | D:6      | Reached skill level 5 in Dodging
  4490 | D:6      | Found a staircase to the Ecumenical Temple.
  4578 | D:6      | Reached skill level 5 in Maces & Flails
  4709 | D:6      | Found a glowing drain.
  4731 | Sewer    | Entered a sewer
  4783 | Sewer    | Reached **** piety under Trog
  4873 | Sewer    | Reached skill level 2 in Throwing
  5221 | Sewer    | Reached skill level 5 in Fighting
  5395 | Sewer    | Reached ***** piety under Trog
  6055 | D:5      | Found a burning altar of Makhleb.
  6055 | D:5      | Noticed a cacodemon
  6204 | D:5      | Gained mutation: You are mostly covered in slimy green scales (AC +3). [demonic ancestry]
  6204 | D:5      | Reached XP level 9. HP: 68/68 MP: 9/9
  6335 | D:5      | Found a shimmering altar of Xom.
  6672 | D:5      | Found a shattered altar of Ashenzari.
  6672 | D:5      | Found a glowing silver altar of Zin.
  6822 | D:5      | Noticed Pikel
  6839 | D:5      | Killed Pikel
  6839 | D:5      | Reached skill level 6 in Maces & Flails
  6839 | D:5      | Reached skill level 6 in Armour
  6839 | D:5      | Reached skill level 6 in Dodging
  6953 | Temple   | Entered the Ecumenical Temple
  7282 | D:7      | Found a glowing golden altar of the Shining One.
  7321 | D:7      | Got a steaming plate armour
  7532 | D:7      | Found a white marble altar of Elyvilon.
  8037 | D:8      | Noticed Grum
  8042 | D:8      | Reached skill level 6 in Fighting
  8042 | D:8      | Reached skill level 7 in Maces & Flails
  8047 | D:8      | Killed Grum
  8095 | D:8      | Gained mutation: Your magical capacity is low (-10% MP). [potion of mutation]
  8095 | D:8      | Gained mutation: You are weak. (Str -2) [potion of mutation]
  8095 | D:8      | Gained mutation: You are covered in fur (AC +1). [potion of mutation]
  8096 | D:8      | Lost mutation: You are weak. (Str -2) [potion of cure mutation]
  8096 | D:8      | Lost mutation: Your magical capacity is low (-10% MP). [potion of cure mutation]
  8096 | D:8      | Lost mutation: You are covered in fur (AC +1). [potion of cure mutation]
  8288 | D:8      | Noticed a cyclops
  8324 | D:9      | Reached skill level 7 in Armour
  8324 | D:9      | Reached skill level 3 in Stealth
  8324 | D:9      | Reached XP level 10. HP: 44/77 MP: 10/10
  8347 | D:9      | HP: 19/77 [killer bee (5)]
  8554 | D:9      | Identified the +5 plate armour "Puleupn" {+Fly} (You took it off an orc on level 7 of the Dungeon)
  8683 | D:8      | Received a gift from Trog
  8695 | D:8      | Killed a cyclops
  8955 | D:8      | Noticed Gastronok
  8975 | D:8      | HP: 28/115 [Gastronok (11)]
  8995 | D:8      | Killed from afar by Gastronok

Vault maps used:
D:1:      dpeg_arrival_shelter
D:2:      nemelex_deck, ecumenical_altar_1, first_bread, st_stairs_4,
          minmay_hedge_maze, nicolae_ru_path_of_blood
D:3:      grunt_temple_overflow_forces_of_nature, eino_tiny_chamber
D:4:      uniq_eustachio
D:5:      kennysheep_little_box, makhleb_altar_promises_db,
          gammafunk_temple_overflow_elements, uniq_edmund, uniq_pikel
D:6:      minmay_temple_entry_glass, portal_sewer_entry_e
D:7:      lemuel_doored_altar, basic_altar
D:8:      minmay_door_square, hangedman_little_slice_of_home,
          grunt_ministairs_2, uniq_gastronok, uniq_grum
D:9:      kennysheep_kobold_camp, dpeg_lair_monsters, serial_shops,
          nicolae_shop_window_shopping
Temple:   eino_narrow_crystal_temple_b_12
Sewer:    sewer_minmay_treatment

Action                   |  1- 3 |  4- 6 |  7- 9 | 10-12 || total
-------------------------+-------+-------+-------+-------++-------
Melee: Mace              |   121 |       |       |       ||   121
       Whip              |     3 |   150 |    83 |       ||   236
       Dire flail        |       |       |   435 |    33 ||   468
       Flail             |       |       |       |    85 ||    85
Throw: Tomahawk          |       |       |    51 |       ||    51
       Javelin           |       |       |    45 |     4 ||    49
Invok: Berserk           |     6 |     3 |    18 |     3 ||    30
       Trog's Hand       |       |     3 |    13 |     2 ||    18
       Burn Spellbooks   |       |       |     1 |       ||     1
  Use: Scroll            |       |       |    16 |       ||    16
       Potion            |       |       |    11 |     3 ||    14
 Stab: Invisible         |       |       |     2 |       ||     2
  Eat: Chunk             |     6 |     9 |    28 |     6 ||    49
       Pizza             |     1 |       |       |       ||     1
       Beef jerky        |       |       |     2 |       ||     2
       Bread ration      |       |       |     1 |       ||     1
       Royal jelly       |       |       |       |     1 ||     1

Vault maps used:
D:1:      dpeg_arrival_shelter
D:2:      nemelex_deck, ecumenical_altar_1, first_bread, st_stairs_4,
          minmay_hedge_maze, nicolae_ru_path_of_blood
D:3:      grunt_temple_overflow_forces_of_nature, eino_tiny_chamber
D:4:      uniq_eustachio
D:5:      kennysheep_little_box, makhleb_altar_promises_db,
          gammafunk_temple_overflow_elements, uniq_edmund, uniq_pikel
D:6:      minmay_temple_entry_glass, portal_sewer_entry_e
D:7:      lemuel_doored_altar, basic_altar
D:8:      minmay_door_square, hangedman_little_slice_of_home,
          grunt_ministairs_2, uniq_gastronok, uniq_grum
D:9:      kennysheep_kobold_camp, dpeg_lair_monsters, serial_shops,
          nicolae_shop_window_shopping
Temple:   eino_narrow_crystal_temple_b_12
Sewer:    sewer_minmay_treatment

Table legend:
 A = Turns spent in this place as a percentage of turns spent in the entire game.
 B = Non-inter-level travel turns spent in this place as a percentage of non-inter-level travel turns spent in the entire game.
 C = Inter-level travel turns spent in this place as a percentage of turns spent in this place.
 D = Turns resting spent in this place as a percentage of non-inter-level travel turns spent in this place.
 E = Turns spent auto-exploring this place as a percentage of non-inter-level travel turns spent in this place.
 F = Non-inter-level travel turns spent in this place divided by the number of levels of this place that you've seen.
                   A       B       C       D       E      F
               +-------+-------+-------+-------+-------+----------------------
         Total | 100.0 | 100.0 |   1.6 |   7.9 |   8.0 | 239.6
       Dungeon |  86.7 |  86.5 |   1.8 |   7.6 |   7.9 | 253.4
        Temple |   0.9 |   0.9 |   4.0 |   0.0 |  25.0 |  24.0
         Sewer |  12.4 |  12.6 |   0.0 |  10.3 |   7.9 | 331.0
               +-------+-------+-------+-------+-------+----------------------

Table legend:
 A = Kills in this place as a percentage of kills in entire the game.
 B = Kills by you in this place as a percentage of kills by you in the entire game.
 C = Kills by friends in this place as a percentage of kills by friends in the entire game.
 D = Other kills in this place as a percentage of other kills in the entire game.
 E = Experience gained in this place as a percentage of experience gained in the entire game.
 F = Experience gained in this place divided by the number of levels of this place that you have seen.
                   A       B       C       D       E      F
               +-------+-------+-------+-------+-------+----------------------
         Total | 100.0 | 100.0 |  -nan |  -nan | 100.0 | 632.7
       Dungeon |  80.1 |  80.1 |  -nan |  -nan |  93.4 | 722.2
         Sewer |  19.9 |  19.9 |  -nan |  -nan |   6.6 | 460.0
               +-------+-------+-------+-------+-------+----------------------
